 Dungeon Crawl Stone Soup version 0.20-a0-1122-gb7cbeb9 (webtiles) character file.

206 anfisbena the Chopper (level 5, -2/75 HPs)
             Began as a Hill Orc Berserker on May 14, 2017.
             Was a Believer of Trog.
             Slain by Pikel
             ... wielding a +1 whip of flaming
              (9 damage)
             ... on level 4 of the Dungeon.
             The game lasted 00:02:57 (3189 turns).

anfisbena the Chopper (Hill Orc Berserker)          Turns: 3189, Time: 00:02:57

Health: -2/75      AC:  2    Str: 25    XL:     5   Next: 84%
Magic:  5/5        EV: 12    Int:  7    God:    Trog [**....]
Gold:   103        SH:  0    Dex: 11    Spells: 4/4 levels left

rFire    . . .     SeeInvis .   a - +0 hand axe
rCold    . . .     Gourm    .   (no shield)
rNeg     . . .     Faith    .   b - +0 animal skin
rPois    .         Spirit   .   (no helmet)
rElec    .         Reflect  .   (no cloak)
rCorr    .         Harm     .   (no gloves)
MR       .....                  (no boots)
Stlth    ..........             (no amulet)
Regen    0.3/turn               (no ring)
MPRegen  0.1/turn               (no ring)

@: berserking, very quick
A: no striking features
a: Berserk, Trog's Hand, Burn Spellbooks, Renounce Religion


You were on level 4 of the Dungeon.
You worshipped Trog.
Trog was pleased with you.
You were not hungry.

You visited 1 branch of the dungeon, and saw 4 of its levels.

You collected 103 gold pieces.

Inventory:

Hand Weapons
 a - a +0 hand axe (weapon)
Armour
 b - a +0 animal skin (worn)
Scrolls
 d - a scroll of amnesia {unknown}
 f - 4 scrolls of identify {unknown}
 g - 4 scrolls of remove curse {unknown}
 k - 2 scrolls of enchant weapon {unknown}
 l - a scroll of immolation {unknown}
 n - a scroll of magic mapping {unknown}
 o - a scroll of teleportation {unknown}
Potions
 e - a potion of haste {unknown}
 h - a potion of magic {unknown}
 i - a potion of heal wounds {unknown}
 j - a potion of curing {unknown}
 p - 2 potions of degeneration {unknown}
Comestibles
 c - 3 bread rations
 m - 2 royal jellies


   Skills:
 + Level 5.9 Fighting
 + Level 6.5 Axes
 - Level 2.1 Armour
 - Level 1.5 Dodging


You had 4 spell levels left.
You didn't know any spells.

Dungeon Overview and Level Annotations

Branches:
Dungeon (4/15)
 Temple: D:4-7

Altars:
Cheibriados
Elyvilon
Fedhas
Hepliaklqana

Annotations:
D:4 Pikel


Message History

* * * LOW HITPOINT WARNING * * *
You closely miss Pikel.
Pikel is lightly wounded.
You slash the slave! You hit the leopard gecko. You closely miss the slave. x2
The slave hits you.
* * * LOW HITPOINT WARNING * * *
The leopard gecko bites you but does no damage.
Pikel hits you but does no damage. The slave hits you!
* * * LOW HITPOINT WARNING * * *
The slave hits you.
* * * LOW HITPOINT WARNING * * *
You hit Pikel.
Pikel is lightly wounded.
You hit the slave. You slash the leopard gecko!
You kill the leopard gecko!
Trog accepts your kill.
You barely miss the slave. You hit the slave. The slave hits you!
* * * LOW HITPOINT WARNING * * *
Pikel hits you with a whip of flaming!
You die...

>...####.....# ....
#............ .##
........#######...> ....
...# ##.#.. #...
#..##### #..#..
.#...##......######.....
........................
......ppp.).............
......K@p..#...###.#####
....####...##..###.# .
###)...#...##.#
...............#
#######..##...## #..#
#..... #.... .....
#.%.......$ #..... ....


You could see Pikel and 4 slaves.

Vanquished Creatures
  A phantom (D:4)
  A centaur skeleton (D:4)
  An adder (D:4)
  An ooze (D:2)
  A worm (D:3)
  3 dart slugs
  2 leopard geckos
  An orc (D:4)
  6 bats
  2 giant cockroaches
  9 goblins
  4 hobgoblins
  6 jackals
  A ball python (D:3)
  11 frilled lizards
  5 kobolds (D:1)
  7 rats
62 creatures vanquished.

Notes
Turn   | Place    | Note
-------+----------+-------------------------------------------
     0 | D:1      | anfisbena the Hill Orc Berserker began the quest for the Orb.
     0 | D:1      | Reached XP level 1. HP: 19/19 MP: 1/1
   274 | D:1      | Reached XP level 2. HP: 27/27 MP: 2/2
   783 | D:1      | Reached XP level 3. HP: 31/33 MP: 3/3
   926 | D:1      | Reached skill level 5 in Axes
   993 | D:1      | Reached ** piety under Trog
  1366 | D:2      | Found a blossoming altar of Fedhas.
  1918 | D:3      | Found a snail-covered altar of Cheibriados.
  2202 | D:3      | Reached XP level 4. HP: 32/41 MP: 4/4
  2467 | D:3      | Found a hazy altar of Hepliaklqana.
  2724 | D:4      | Found a white marble altar of Elyvilon.
  2724 | D:4      | Noticed a phantom
  2745 | D:4      | Reached skill level 5 in Fighting
  2970 | D:4      | Killed a phantom
  2970 | D:4      | Reached skill level 6 in Axes
  2970 | D:4      | Reached XP level 5. HP: 49/50 MP: 5/5
  3176 | D:4      | Noticed a slave
  3177 | D:4      | Noticed Pikel
  3177 | D:4      | Noticed a slave
  3179 | D:4      | Noticed a slave
  3180 | D:4      | Noticed a slave
  3189 | D:4      | Slain by Pikel

Vault maps used:
D:1:      dpeg_arrival_subterranean_lakeside_camping
D:2:      fedhas_altar_2
D:3:      old_standard_altar, cheibriados_altar_1
D:4:      serial_shops, nicolae_shop_crystal, abandoned_shop,
          minmay_ruined_shrine, uniq_pikel, uniq_menkaure

Skill      XL: |  1  2  3  4 |
---------------+-------------+-----
Fighting       | 4 5 |  5.9
Axes           | 5 6 |  6.5
Armour         | |  2.1
Dodging        | |  1.5

Action                   |  1- 3 |  4- 6 || total
-------------------------+-------+-------++-------
Melee: Hand axe          |   137 |    63 ||   200
Invok: Berserk           |       |     3 ||     3
  Eat: Chunk             |     4 |     1 ||     5
       Meat ration       |       |     1 ||     1
Armor: Animal skin       |    42 |    14 ||    56
Dodge: Dodged            |    83 |    63 ||   146
